 Dungeon Crawl Stone Soup version 0.31-b1-20-g67cafac56d (webtiles) character file.

Game seed: 16338191032033656008

1947 bearlyready the Basher (level 9, -5/89 HPs)
             Began as an Oni Gladiator on Jan 16, 2024.
             Was a Follower of Cheibriados.
             Slain by a spriggan
             ... wielding a +0 trident
              (11 damage)
             ... in a bailey on Jan 18, 2024.
             The game lasted 00:13:00 (5995 turns).

bearlyready the Basher (Oni Gladiator)              Turns: 5995, Time: 00:13:01

Health: -5/89      AC: 11    Str: 25 (26) XL:     9   Next: 18%
Magic:  15/21      EV: 10    Int:  8 (11) God:    Cheibriados [*.....]
Gold:   231        SH:  0    Dex: 10 (12) Spells: 8/8 levels left

rFire   . . .        d - +1 flail (protect)
rCold   . . .        (no shield)
rNeg    . . .        b - +0 robe
rPois   .            c - +1 hat
rElec   .            (no cloak)
rCorr   .            (gloves unavailable)
SInv    .            (boots unavailable)
Will    .....        (no amulet)
Stlth   +            v - ring of magical power
HPRegen 0.34/turn    (no ring)
MPRegen 0.17/turn

%: no passive effects
@: under a protective aura, hasted, quick
A: large, unfitting armour, horns 1, tough skin 1, double potion healing,
drunken brawling
a: Renounce Religion, Bend Time


You were in a bailey.
You worshipped Cheibriados.
Cheibriados was aware of your devotion.
You visited 1 branch of the dungeon, and saw 7 of its levels.
You also visited: Bailey.

You collected 231 gold pieces.

Inventory:

Hand Weapons
 a - a +0 flail
 d - a +1 flail of protection (weapon)
 t - a +0 quarterstaff
 D - a +0 giant club
Missiles
 e - a large rock
 l - 26 stones
 B - 3 boomerangs (quivered)
Armour
 b - a +0 robe (worn)
 c - a +1 hat (worn)
Jewellery
 o - a ring of fire
 v - a ring of magical power (left hand)
 z - a ring of fire
Talismans
 E - a storm talisman
Wands
 C - a wand of flame (18)
Scrolls
 f - a scroll of enchant weapon
 g - 2 scrolls of immolation
 h - a scroll of fear
 j - a scroll of enchant armour
 k - a scroll of noise
 p - a scroll of fog
Potions
 n - a potion of haste


   Skills:
 - Level 6.1 Fighting
 + Level 10.7 Maces & Flails
 - Level 2.0 Throwing
 - Level 2.6 Dodging
 - Level 0.3 Stealth
 - Level 4.0 Invocations


You had 8 spell levels left.
You didn't know any spells.
Your spell library contained the following spells:

 Spells                   Type           Power      Damage    Failure   Level
 Slow                     Hex            0%         N/A       41%         1
 Lesser Beckoning         Tloc           0%         N/A       54%         2
 Confusing Touch          Hex            0%         N/A       78%         3
 Gell's Gravitas          Tloc           0%         N/A       78%         3
 Sigil of Binding         Hex            0%         N/A       78%         3
 Teleport Other           Tloc           0%         N/A       78%         3
 Vampiric Draining        Necr           0%         2d6       78%         3
 Passage of Golubria      Tloc           0%         N/A       99%         4
 Silence                  Hex/Air        0%         N/A       100%        5
 Lehudib's Crystal Spear  Conj/Erth      0%         10d2      100%        8


Dungeon Overview and Level Annotations

Branches:
Dungeon (7/15)             Temple (0/1) D:4          Bailey (1/1)

Altars:
Cheibriados
Ru


Innate Abilities, Weirdness & Mutations

You are too large for most types of armour.
You have a pair of small horns on your head.
You have tough skin. (AC +1)
You gain doubled healing and magic from potions.
Whenever you drink a healing potion, you attack all around you.


Message History

A spriggan comes into view. It is wielding a +0 trident.
An acid dragon comes into view.
Found five items.
The spriggan shouts!
You hear a shout!
A spriggan comes into view. It is wielding a +0 trident.
Okay, then.
Okay, then.
It was a potion of haste.
You feel yourself speed up.
Cheibriados forgives your accidental hurry, just this once.
The spriggan hits you from afar with a +0 trident!
The spriggan attacks as it pursues you!
The spriggan hits you from afar with a +0 trident!
The spriggan misses you.
The spriggan hits you from afar with a +0 trident!
Okay, then.
The spriggan hits you with a +0 trident!
The spriggan barely misses you.
You closely miss the spriggan. Your headbutt misses the spriggan.
You miss the spriggan. Your headbutt misses the spriggan.
The spriggan barely misses you.
The spriggan hits you with a +0 trident!
* * * LOW HITPOINT WARNING * * *
The flow of time bends around you.
The spriggan resists with some effort. x2
Cheibriados lowers the support of your attributes as your movement quickens.
The spriggan hits you with a +0 trident.
* * * LOW HITPOINT WARNING * * *
The flow of time bends around you.
Cheibriados rebukes the spriggan.
The spriggan seems to slow down.
The spriggan resists with some effort.
The spriggan hits you with a +0 trident!
* * * LOW HITPOINT WARNING * * *
You hit the spriggan.
Your weapon exudes an aura of protection.
Your headbutt misses the spriggan.
The spriggan is moderately wounded.
The spriggan barely misses you.
You sock the spriggan! Your headbutt misses the spriggan.
The spriggan is almost dead.
The spriggan hits you with a +0 trident!
You die...

##..## ♣♣♣
.#♣..# ♣♣)?
..♣..# #??≈
..#..# #)≈≈
..♣..# #..D
..#..# ♣..
♣♣..#..#
#..♣#~♣♣..##..#
♣...Di@.##..##
.##...i.♣#..##
..#######..##
#.........##
#.......##
##~~~~~##
#~~~~)#
###~~~~)###
##.........##


You could see an acid dragon and 2 spriggans.

Vanquished Creatures
  Grinder (D:3)
  A wyvern (D:7)
  2 water moccasins (D:7)
  2 black bears
  3 ogres
  2 phantoms
  2 bullfrogs (D:7)
  3 scorpions
  2 bombardier beetles (D:5)
  An orc priest (D:4)
  A gnoll bouda (D:7)
  A hound (D:5)
  2 iguanas
  Terence (D:3)
  Jessica (D:3)
  An orc wizard (D:7)
  Ijyb (D:4)
  6 adders
  6 gnolls
  A ribbon worm (D:3)
  23 orcs
  8 endoplasms
  4 giant cockroaches
  3 goblins
  8 hobgoblins
  3 jackals (D:4)
  4 quokkas
  4 ball pythons
  6 bats
  3 frilled lizards
  6 kobolds
  8 rats
120 creatures vanquished.

Notes
Turn   | Place    | Note
-------+----------+-------------------------------------------
     0 | D:1      | bearlyready the Oni Gladiator began the quest for the Orb.
     0 | D:1      | Reached XP level 1. HP: 22/22 MP: 1/1
    86 | D:1      | Upgraded the game from 0.31-b1-17-gcfd88c8481 to
                  | 0.31-b1-20-g67cafac56d
   195 | D:1      | Reached XP level 2. HP: 29/29 MP: 2/2
  1077 | D:2      | Reached skill level 4 in Maces & Flails
  1078 | D:2      | Reached XP level 3. HP: 29/36 MP: 3/3
  1761 | D:2      | Found a faded altar of an unknown god.
  1884 | D:3      | Reached XP level 4. HP: 44/44 MP: 4/4
  1932 | D:3      | Noticed Terence
  1947 | D:3      | Killed Terence
  1948 | D:3      | Reached skill level 5 in Maces & Flails
  2449 | D:4      | Reached XP level 5. HP: 10/50 MP: 5/5
  2763 | D:3      | Reached skill level 6 in Maces & Flails
  3018 | D:3      | Noticed Grinder
  3022 | D:3      | Killed Grinder
  3023 | D:3      | Reached skill level 7 in Maces & Flails
  3023 | D:3      | Reached XP level 6. HP: 50/59 MP: 6/6
  3125 | D:3      | Noticed Jessica
  3131 | D:3      | Killed Jessica
  3418 | D:4      | Reached XP level 7. HP: 41/66 MP: 7/7
  3765 | D:4      | Noticed Ijyb
  3769 | D:4      | Paralysed by Ijyb for 2 turns
  3776 | D:4      | Paralysed by Ijyb for 2 turns
  3778 | D:4      | Killed Ijyb
  3779 | D:4      | Reached skill level 8 in Maces & Flails
  3955 | D:4      | Found a staircase to the Ecumenical Temple.
  4205 | D:4      | Found a snail-covered altar of Cheibriados.
  4206 | D:4      | Found a sacrificial altar of Ru.
  4210 | D:4      | Became a worshipper of Cheibriados the Contemplative
  4357 | D:4      | Reached skill level 1 in Invocations
  4529 | D:5      | Entered Level 5 of the Dungeon
  4781 | D:5      | Reached XP level 8. HP: 10/78 MP: 10/10
  5169 | D:5      | You fall into a shaft and drop 2 floors!
  5179 | D:7      | Noticed a wyvern
  5195 | D:7      | Killed a wyvern
  5196 | D:7      | Reached skill level 5 in Fighting
  5232 | D:7      | Reached skill level 9 in Maces & Flails
  5270 | D:7      | Reached * piety under Cheibriados
  5274 | D:7      | HP: 4/83 [poisoned by a scorpion]
  5455 | D:7      | HP: 4/83 [gnoll/+0 club[a gnoll bouda] (4)]
  5811 | D:7      | Reached skill level 10 in Maces & Flails
  5811 | D:7      | Reached XP level 9. HP: 89/89 MP: 12/12
  5831 | D:7      | Found a flagged portal.
  5840 | Bailey   | Entered a bailey
  5978 | Bailey   | Noticed a two-headed ogre
  5995 | Bailey   | Slain by a spriggan

Illustrated notes

Levels and vault maps discovered:
D:1:      scummos_arrival_gate, layout_basic
D:2:      layout_loops_corners, dilly_ecumenical_altar_fadedgnrine,
          hangedman_feature_mirror
D:3:      layout_basic, uniq_grinder, uniq_terence, uniq_jessica
D:4:      nicolae_cairo_tiling_large, layout_loops_ring,
          nicolae_overflow_squiral, minmay_temple_entry_antechambers, uniq_ijyb
D:5:      layout_layer_cave, nicolae_twisty_statue_hallways
D:6:      layout_basic, gammafunk_temple_overflow_pools
D:7:      layout_basic, enter_bailey_8
Bailey:   bailey_polearm_enchanted_keep_hellmonk, bailey

Skill      XL: |  1  2  3  4  5  6  7  8 |
---------------+-------------------------+-----
Maces & Flails | 4 5 7 8 10 | 10.7
Fighting       | 4 6 |  6.1
Invocations    | 2 4 |  4.0
Throwing       | |  2.0
Dodging        | |  2.6
Stealth        | |  0.3

Action                     |  1- 3 |  4- 6 |  7- 9 || total
---------------------------+-------+-------+-------++-------
  Melee: Flail             |    81 |       |    51 ||   132
         Headbutt          |    11 |    13 |    35 ||    59
         Quarterstaff      |    10 |   116 |   170 ||   296
         Punch             |       |       |     1 ||     1
  Throw: Large rock        |       |     1 |       ||     1
         Throwing net      |       |       |     6 ||     6
         Boomerang         |       |       |     3 ||     3
 Invoke: Bend Time         |       |       |     2 ||     2
  Evoke: Wand              |       |     9 |    15 ||    24
    Use: Potion            |       |     2 |     6 ||     8
         Scroll            |       |       |    11 ||    11
   Stab: Sleeping          |     3 |       |       ||     3
         Paralysed         |       |       |     5 ||     5
         Held in net/web   |       |       |     1 ||     1
 Armour: Robe              |    53 |   107 |   156 ||   316
         Skin              |       |       |    32 ||    32
  Dodge: Dodged            |    51 |    62 |    92 ||   205
